 Dungeon Crawl Stone Soup version 0.29.1-2-gbd0b4ee654 (webtiles) character file.

Game seed: 8535823877125105223

15 Twinkles the Sneak (level 2, 0/19 HPs)
             Began as a Vampire Enchanter on Nov 1, 2022.
             Slain by a giant cockroach (1 damage)
             ... on level 1 of the Dungeon.
             The game lasted 00:00:57 (140 turns).

Twinkles the Sneak (Vampire Enchanter)               Turns: 140, Time: 00:00:58

Health: 0/19       AC:  2    Str:  7    XL:     2   Next: 34%
Magic:  5/5        EV: 12    Int: 17    God:
Gold:   13         SH:  0    Dex: 14    Spells: 5/5 levels left

rFire   . . .      SeeInvis +   a - +1 dagger
rCold   . . .      Faith    .   (no shield)
rNeg    . . .      Spirit   .   b - +0 robe
rPois   .          Reflect  .   (no helmet)
rElec   .          Harm     .   (no cloak)
rCorr   .          Rampage  .   (no gloves)
Will    .....                   (no boots)
Stlth   +++.......              (no amulet)
HPRegen 0.26/turn               (no ring)
MPRegen 0.09/turn               (no ring)

@: healing quickly
A: alive, fangs 3, see invisible, vampiric 1
a: Exsanguinate


You were on level 1 of the Dungeon.
You visited 1 branch of the dungeon, and saw 1 of its levels.

You collected 13 gold pieces.

Inventory:

Hand Weapons
 a - a +1 dagger (weapon)
Armour
 b - a +0 robe (worn)
Scrolls
 d - a scroll of identify {unknown}
Potions
 c - 2 potions of invisibility


   Skills:
 + Level 1.5 Short Blades
 + Level 2.4 Dodging
 + Level 4.7 Stealth
 + Level 2.1 Spellcasting
 + Level 4.6 Hexes


You had 5 spell levels left.
You didn't know any spells.
Your spell library contained the following spells:

 Spells                   Type           Power      Damage    Failure   Level
 Confusing Touch          Hex            17%        N/A       9%          3
 Tukima's Dance           Hex            17%        N/A       9%          3
 Ensorcelled Hibernation  Hex/Ice        18%        N/A       11%         2
 Dazzling Flash           Conj/Hex       18%        N/A       22%         3


Dungeon Overview and Level Annotations

Branches:
Dungeon (1/15)

Altars:


Innate Abilities, Weirdness & Mutations

Your natural rate of healing is accelerated.
You have razor-sharp teeth.
You have supernaturally acute eyesight. (SInv)
You are afflicted with vampirism.


Message History

You hit the hobgoblin but do no damage. Your punch misses the hobgoblin.
The hobgoblin hits you.
* * * LOW HITPOINT WARNING * * *
The giant cockroach misses you.
You closely miss the hobgoblin. The giant cockroach barely misses you.
The hobgoblin completely misses you.
You hit the hobgoblin. Your bite misses the hobgoblin.
The hobgoblin is moderately wounded.
The giant cockroach completely misses you.
The hobgoblin closely misses you.
You closely miss the hobgoblin. Your bite misses the hobgoblin.
The hobgoblin is moderately wounded.
The giant cockroach bites you but does no damage.
The hobgoblin hits you.
* * * LOW HITPOINT WARNING * * *
The giant cockroach attacks as you move away!
The giant cockroach bites you.
* * * LOW HITPOINT WARNING * * *
The giant cockroach misses you.
The giant cockroach attacks as you move away!
The giant cockroach barely misses you.
The giant cockroach attacks as you move away!
The giant cockroach barely misses you. The giant cockroach misses you.
The giant cockroach attacks as you move away!
The giant cockroach misses you.
The giant cockroach attacks as you move away!
The giant cockroach barely misses you. The giant cockroach closely misses you.
The giant cockroach attacks as you move away!
The giant cockroach bites you.
* * * LOW HITPOINT WARNING * * *
Found a stone staircase leading down.
The giant cockroach attacks as you move away!
The giant cockroach bites you.
* * * LOW HITPOINT WARNING * * *
A giant cockroach comes into view.
The giant cockroach waves its antennae.
The giant cockroach attacks as you move away!
The giant cockroach bites you.
You die...

#.......... ..
#....######
.###.########)#..#...#
......>...#......#...#
..............#.##...#
............###......#
.....................#
.B........######.....#
#.##.@# #.#...#
.#....B### #.#...###
#.......g.######........
........................
.#....###....####.......
........#....## #.......
..............##########
........#......#
........#....#.##


You could see 2 giant cockroaches and a hobgoblin.

Vanquished Creatures
  A gnoll (D:1)
  An endoplasm (D:1)
  2 giant cockroaches (D:1)
  A kobold (D:1)
  A rat (D:1)
6 creatures vanquished.

Notes
Turn   | Place    | Note
-------+----------+-------------------------------------------
     0 | D:1      | Twinkles the Vampire Enchanter began the quest for the Orb.
     0 | D:1      | Reached XP level 1. HP: 13/13 MP: 3/3
    69 | D:1      | Reached XP level 2. HP: 19/19 MP: 5/5
   140 | D:1      | Slain by a giant cockroach

Illustrated notes

Levels and vault maps discovered:
D:1:      dpeg_arrival_prison, layout_rooms, hellmonk_ecumenical_altar_blasted

Action                   || total
-------------------------++-------
Melee: Dagger            ||    18
       Bite              ||     3
 Stab: Sleeping          ||     3
Armor: Robe              ||     2
Dodge: Dodged            ||    23
